 Dungeon Crawl Stone Soup version 0.31-a0-1112-ga3593d9213 (webtiles) character file.

Game seed: 366826962712140112

20 Darkflo474 the Trooper (level 2, -7/26 HPs)
             Began as a Draconian Berserker on Dec 4, 2023.
             Was a Follower of Trog.
             Mangled by a gnoll
             ... wielding a +0 halberd
              (9 damage)
             ... on level 2 of the Dungeon.
             The game lasted 00:04:58 (1000 turns).

Darkflo474 the Trooper (Draconian Berserker)        Turns: 1000, Time: 00:04:59

Health: -7/26      AC:  4    Str: 19    XL:     2   Next: 58%
Magic:  2/2        EV: 12    Int:  7    God:    Trog [*.....]
Gold:   12         SH:  0    Dex: 10    Spells: 1/1 levels left

rFire   + . .        d - +0 short sword
rCold   x . .        (no shield)
rNeg    . . .        (body armour unavailable)
rPois   .            (helmet restricted)
rElec   .            (no cloak)
rCorr   .            (no gloves)
SInv    .            (no boots)
Will    .....        (no amulet)
Stlth   +            k - ring of fire
HPRegen 0.24/turn    (no ring)
MPRegen 0.08/turn

%: no passive effects
@: no status effects
A: AC +4, unfitting armour, cold-blooded
a: Renounce Religion, Berserk


You were on level 2 of the Dungeon.
You worshipped Trog.
Trog was aware of your devotion.
You visited 1 branch of the dungeon, and saw 2 of its levels.

You collected 12 gold pieces.

Inventory:

Hand Weapons
 b - a +0 hand axe
 d - a +0 short sword (weapon)
Missiles
 a - 21 stones
Armour
 h - a +0 leather armour
Jewellery
 k - a ring of fire (left hand)
Scrolls
 c - a scroll of amnesia {unknown}
 e - a scroll of poison {unknown}
 f - 3 scrolls of identify {unknown}
 i - a scroll of fear {unknown}
Potions
 g - 2 potions of curing {unknown}
 j - 2 potions of invisibility {unknown}
 l - a potion of brilliance {unknown}


   Skills:
 + Level 3.6 Fighting
 + Level 3.1 Dodging
 + Level 3.2 Unarmed Combat


You had one spell level left.
You didn't know any spells.
Your spell library was empty.

Dungeon Overview and Level Annotations

Branches:
Dungeon (2/15)

Altars:


Innate Abilities, Weirdness & Mutations

Your plain brown scales are hard. (AC +4)
You cannot fit into any form of body armour.
You are cold-blooded and may be slowed by cold attacks.


Message History

There is an open door here.
Found an inky potion.
l - an inky potion As you open the door, it creaks loudly!
There is an open door here.
There is a stone staircase leading down here.
You climb downwards.
There is a stone staircase leading up here.
You open the door.
Found a scroll labelled GOOLESUMYU and 3 stones.
There is an open door here.
A gnoll comes into view. It is wielding a +0 halberd.
The gnoll shouts!
You hear a shout!
A goblin comes into view. It is wielding a +0 club.
You see here a scroll labelled GOOLESUMYU.
A gnoll comes into view. It is wielding a +0 flail.
The goblin shouts!
The gnoll shouts!
A gnoll comes into view. It is wielding a +0 whip.
The gnoll closely misses you.
You barely miss the gnoll. The gnoll hits you with a +0 halberd.
You hit the gnoll.
The gnoll is lightly wounded.
An adder comes into view.
The gnoll misses you.
The adder hisses angrily.
You hit the gnoll but do no damage.
The gnoll is lightly wounded.
The gnoll completely misses you.
You hit the gnoll.
Your tail-slap misses the gnoll.
The gnoll is heavily wounded.
The gnoll hits you with a +0 flail. The gnoll hits you with a +0 halberd!
You barely miss the gnoll. You tail-slap the gnoll.
The gnoll is almost dead.
The goblin hits you with a +0 club. The gnoll hits you with a +0 flail.
* * * LOW HITPOINT WARNING * * *
You barely miss the gnoll. The gnoll barely misses you.
The goblin hits you with a +0 club.
* * * LOW HITPOINT WARNING * * *
The gnoll hits you from afar with a +0 halberd!
You die...

............ ..
............
...
............
.... #.........
....##.#......
.....#.g.(#
#......gg.# .
####...@# ...
#<.'...g##.....
#.##...S.......
#.##...##......
####...# .#...#
....... . ...
#.###....## ..
... ...... .
... #.....


You could see 3 gnolls, an adder and a goblin.

Vanquished Creatures
  2 ball pythons (D:1)
  2 endoplasms (D:1)
  A giant cockroach (D:1)
  A hobgoblin (D:1)
  2 kobolds (D:1)
  A quokka (D:1)
  A bat (D:1)
  A frilled lizard (D:1)
  6 goblins (D:1)
17 creatures vanquished.

Notes
Turn   | Place    | Note
-------+----------+-------------------------------------------
     0 | D:1      | Darkflo474 the Draconian Berserker began the quest for the
                  | Orb.
     0 | D:1      | Reached XP level 1. HP: 19/19 MP: 1/1
   396 | D:1      | Reached XP level 2. HP: 25/26 MP: 2/2
  1000 | D:2      | Mangled by a gnoll

Illustrated notes

Levels and vault maps discovered:
D:1:      onia_arrival_mini_maze, layout_loops_corners
D:2:      layout_basic, kennysheep_generic_room_10

Skill      XL: |  1  2 |
---------------+-------+-----
Dodging        | 3 |  3.1
Fighting       | |  3.6
Unarmed Combat | |  3.2

Action                     || total
---------------------------++-------
  Melee: Short sword       ||    65
         Hand axe          ||     4
         Tailslap          ||     8
         Punch             ||     1
    Use: Potion            ||     1
 Armour: Skin              ||    66
  Dodge: Dodged            ||    62

Table legend: (Time is in decaauts)
 A = Elapsed time spent in this place.
 B = Non-inter-level travel time spent in this place.
 C = Inter-level travel time spent in this place.
 D = Time resting spent in this place.
 E = Time spent auto-exploring this place.
 F = Levels seen in this place.
 G = Mean time per level.
                   A        B        C        D        E       F      G
               +--------+--------+--------+--------+--------+-----+--------+
         Total |   1001 |    990 |     11 |      0 |      0 |   2 |  500.5 |
       Dungeon |   1001 |    990 |     11 |      0 |      0 |   2 |  500.5 |
               +--------+--------+--------+--------+--------+-----+--------+

Top non-repeatable levels by time:
     D:1: 985 daAuts
     D:2: 15 daAuts
